[Event "39th IND-chT 2019"]
[Site "Kolkata"]
[Date "2019.02.07"]
[Round "2"]
[White "Swapnil, S. Dhopade"]
[Black "Bhattacharyya Soham"]
[Result "1-0"]
[ECO "D02"]
[WhiteElo "2488"]
[BlackElo "1919"]
[Annotator "ChessBase"]
[PlyCount "91"]
[EventDate "2019.??.??"]
[EventCountry "IND"]
[SourceTitle "playchess.com"]
[Source "ChessBase"]
[SourceQuality "1"]
[TimeControl "5400+30"]

1. Nf3 Nf6 2. g3 g6 3. b3 Bg7 4. Bb2 O-O 5. Bg2 d6 6. d4 Nbd7 7. O-O e5 8. dxe5 Ng4 9. Qd2 Ngxe5 10. c4 Nxf3+ 11. Bxf3 Bxb2 12. Qxb2 Qf6 13. Nc3 Ne5 14. Bg2 Nc6 15. Rfd1 Be6 16. Rac1 Qe7 17. c5 Rad8 18. cxd6 Rxd6 19. Rxd6 Qxd6 20. Ne4 Qd4 21. Qxd4 Nxd4 22. Rxc7 Rc8 23. Rxc8+ Bxc8 24. e3 Ne2+ 25. Kf1 Nc1 26. Nc3 b5 27. Ke1 b4 28. Kd2 Nxb3+ 29. axb3 bxc3+ 30. Kxc3 Kf8 31. Kc4 Ke7 32. Bd5 f6 33. Kc5 Bd7 34. b4 h6 35. Bc6 Bc8 36. Be4 f5 37. Bd5 Bd7 38. Bc6 Bc8 39. Kd5 Be6+ 40. Ke5 Bc8 41. h4 h5 42. e4 Be6 43. Be8 Kxe8 44. Kxe6 fxe4 45. Kf6 Kd7 46. Kxg6 1-0

[Event "39th IND-chT 2019"]
[Site "Kolkata"]
[Date "2019.02.07"]
[Round "2"]
[White "Vignesh N R"]
[Black "Arnav Maheshwari"]
[Result "1-0"]
[ECO "D02"]
[WhiteElo "2473"]
[BlackElo "1825"]
[Annotator "ChessBase"]
[PlyCount "47"]
[EventDate "2019.??.??"]
[EventCountry "IND"]
[SourceTitle "playchess.com"]
[Source "ChessBase"]
[SourceQuality "1"]
[TimeControl "5400+30"]

1. d4 Nf6 2. c4 e6 3. Nf3 d5 4. Nc3 Bb4 5. Qa4+ Nc6 6. e3 O-O 7. Bd2 Bxc3 8. Bxc3 Ne4 9. Qc2 f5 10. b4 a5 11. b5 Nb8 12. Bd3 c5 13. cxd5 Qxd5 14. Bb2 Nd7 15. O-O Ndf6 16. Bc4 Qd6 17. dxc5 Nxc5 18. Qxf5 Bd7 19. Qe5 Qe7 20. Nd4 Rfc8 21. Nf5 Qd8 22. Rad1 Qb6 23. Nxg7 Nce4 24. Nh5 1-0

[Event "39th IND-chT 2019"]
[Site "Kolkata"]
[Date "2019.02.07"]
[Round "2"]
[White "Karthikeyan, P.."]
[Black "Arya Bhakta"]
[Result "1/2-1/2"]
[ECO "D02"]
[WhiteElo "2451"]
[BlackElo "2009"]
[Annotator "ChessBase"]
[PlyCount "130"]
[EventDate "2019.??.??"]
[EventCountry "IND"]
[SourceTitle "playchess.com"]
[Source "ChessBase"]
[SourceQuality "1"]
[TimeControl "5400+30"]

1. d4 Nf6 2. Bf4 g6 3. Nc3 d5 4. e3 Bg7 5. h4 c6 6. Be2 h6 7. Nf3 a5 8. O-O O-O 9. Ne5 Nfd7 10. Nf3 b5 11. Bd3 Nb6 12. Be5 Bg4 13. e4 Bxe5 14. dxe5 d4 15. Ne2 Bxf3 16. gxf3 e6 17. Qd2 Qxh4 18. Kg2 Qg5+ 19. Qxg5 hxg5 20. Kg3 N8d7 21. f4 gxf4+ 22. Kxf4 f6 23. exf6 Rxf6+ 24. Kg5 e5 25. f4 Re8 26. f5 gxf5 27. Rxf5 Rxf5+ 28. Kxf5 Kf7 29. Rh1 Ke7 30. Rh6 Rf8+ 31. Kg5 Rg8+ 32. Kf5 Nc8 33. Rh7+ Kd6 34. Rxd7+ Kxd7 35. Kxe5 Nd6 36. Nxd4 Nc4+ 37. Bxc4 bxc4 38. Nf5 c3 39. bxc3 Rg1 40. Kf6 Rg2 41. e5 Rxc2 42. e6+ Kc7 43. Kf7 Rf2 44. e7 Rxf5+ 45. Ke6 Rf2 46. e8=Q Re2+ 47. Kf7 Rxe8 48. Kxe8 Kd6 49. a4 c5 50. Kd8 c4 51. Kc8 Kc6 52. Kb8 Kb6 53. Kc8 Kc6 54. Kb8 Kd5 55. Kb7 Ke4 56. Kb6 Kd3 57. Kxa5 Kxc3 58. Kb6 Kb4 59. a5 c3 60. a6 c2 61. a7 c1=Q 62. a8=Q Qc5+ 63. Kb7 Qe7+ 64. Kc8 Qe8+ 65. Kb7 Qxa8+ {½-½} 1/2-1/2

[Event "39th IND-chT 2019"]
[Site "Kolkata"]
[Date "2019.02.07"]
[Round "2"]
[White "Barath Kalyan M"]
[Black "Shyam, Sundar M."]
[Result "0-1"]
[ECO "D02"]
[WhiteElo "2065"]
[BlackElo "2512"]
[Annotator "ChessBase"]
[PlyCount "82"]
[EventDate "2019.??.??"]
[EventCountry "IND"]
[SourceTitle "playchess.com"]
[Source "ChessBase"]
[SourceQuality "1"]
[TimeControl "5400+30"]

1. c4 e5 2. Nc3 Nc6 3. g3 f5 4. Bg2 Nf6 5. a3 d6 6. d3 Be7 7. Nf3 O-O 8. Qb3 Kh8 9. Ng5 Qe8 10. Nd5 Nd4 11. Qd1 Nxd5 12. cxd5 Bxg5 13. Bxg5 f4 14. Be4 h6 15. h4 Bg4 16. f3 Bd7 17. gxf4 exf4 18. Kf2 Qe5 19. Qc1 c6 20. Qc4 Rae8 21. Rae1 cxd5 22. Qxd5 Qxd5 23. Bxd5 Bc6 24. Ba2 Kh7 25. Rh2 hxg5 26. hxg5+ Kg6 27. Bb1 Bxf3 28. Rh3 Rxe2+ 29. Rxe2 Bxe2 30. Bc2 Nxc2 31. Kxe2 Nd4+ 32. Kf1 Kxg5 33. Rh7 Kg6 34. Rh2 Rc8 35. Rd2 Rc1+ 36. Kf2 Kf5 37. b4 g5 38. Ra2 g4 39. a4 g3+ 40. Kg2 Kg4 41. Ra3 f3# 0-1

[Event "39th IND-chT 2019"]
[Site "Kolkata"]
[Date "2019.02.09"]
[Round "6.2"]
[White "Sengupta, Deep"]
[Black "Visakh N R"]
[Result "1/2-1/2"]
[ECO "C50"]
[WhiteElo "2555"]
[BlackElo "2505"]
[Annotator "ChessBase"]
[PlyCount "88"]
[EventDate "2019.??.??"]
[EventCountry "IND"]
[SourceTitle "playchess.com"]
[Source "ChessBase"]
[SourceQuality "1"]
[TimeControl "5400+30"]

1. e4 e5 2. Nf3 Nc6 3. Bc4 Bc5 4. d3 Nf6 5. c3 d6 6. Bb3 a6 7. h3 h6 8. Nbd2 O-O 9. O-O Re8 10. Re1 Be6 11. Bc2 d5 12. Nxe5 Nxe5 13. d4 Nxe4 14. Nxe4 dxe4 15. Bxe4 Bd5 16. Bxd5 Qxd5 17. dxc5 Qxc5 18. Bf4 Re6 19. Qc2 Rae8 20. Re4 Ng6 21. Rxe6 Rxe6 22. Be3 Qc6 23. Rd1 Rd6 24. Rxd6 Qxd6 25. Qe4 c6 26. Qe8+ Qf8 27. Qxf8+ Nxf8 28. g4 f6 29. Kg2 Kf7 30. Kf3 Nd7 31. Ke4 Ke6 32. h4 Ne5 33. f3 Nc4 34. Bc1 g5 35. hxg5 hxg5 36. b3 Ne5 37. Be3 Nd7 38. c4 Ne5 39. Bd4 Nd7 40. Bf2 Ne5 41. Bg3 Nd7 42. Bc7 Nc5+ 43. Kd4 Nd7 44. a4 f5 {[%emt 0:06:24] Ke4 Ke5+} 1/2-1/2

[Event "39th IND-chT 2019"]
[Site "Kolkata"]
[Date "2019.02.09"]
[Round "6.3"]
[White "Aravindh, Chithambaram VR."]
[Black "Shyam, Sundar M."]
[Result "1-0"]
[ECO "C60"]
[WhiteElo "2601"]
[BlackElo "2512"]
[Annotator "ChessBase"]
[PlyCount "139"]
[EventDate "2019.??.??"]
[EventCountry "IND"]
[SourceTitle "playchess.com"]
[Source "ChessBase"]
[SourceQuality "1"]
[TimeControl "5400+30"]

1. e4 e5 2. Nf3 Nc6 3. Bb5 g6 4. O-O Bg7 5. c3 a6 6. Ba4 Nge7 7. d4 exd4 8. cxd4 b5 9. Bb3 O-O 10. Nc3 d6 11. h3 Na5 12. Bg5 h6 13. Bh4 Nxb3 14. Qxb3 Be6 15. d5 Bd7 16. Rfe1 g5 17. Bg3 f5 18. e5 f4 19. Bh2 Kh8 20. Rad1 Bf5 21. exd6 cxd6 22. Ne2 Be4 23. h4 Rc8 24. Nfd4 Bxd5 25. Qh3 Ng6 26. Nc3 Rxc3 27. bxc3 Nxh4 28. Ne6 Bxe6 29. Rxe6 d5 30. g3 fxg3 31. Bxg3 Nf3+ 32. Kg2 Kh7 33. Qh5 d4 34. Qg6+ Kh8 35. Qe4 g4 36. Rh1 Qg5 37. Rg6 Qf5 38. Qxf5 Rxf5 39. cxd4 Nxd4 40. Re1 Rg5 41. Rxa6 h5 42. Rb6 Nf3 43. Rb1 h4 44. Bb8 Nd4 45. Rh1 h3+ 46. Kg3 Nf3 47. Bf4 Be5 48. Rb7 h2 49. Bxe5+ Rxe5 50. Rd1 Re8 51. Rxb5 Kg7 52. Kxg4 Nd4 53. Rh5 Re4+ 54. Kg3 Kg6 55. Rxh2 Nf5+ 56. Kf3 Ra4 57. Rd2 Nh4+ 58. Ke2 Re4+ 59. Kd3 Ra4 60. Kc3 Nf3 61. Rg2+ Kf5 62. Rb2 Ra3+ 63. Kb4 Ra8 64. a4 Ne5 65. Rg3 Rb8+ 66. Kc3 Rc8+ 67. Kb3 Ke4 68. Rc3 Ra8 69. Re2+ Kd4 70. Rd2+ 1-0

[Event "39th IND-chT 2019"]
[Site "Kolkata"]
[Date "2019.02.09"]
[Round "6.4"]
[White "Stany, G.A."]
[Black "Karthikeyan, Murali"]
[Result "1/2-1/2"]
[ECO "C65"]
[WhiteElo "2517"]
[BlackElo "2560"]
[Annotator "ChessBase"]
[PlyCount "120"]
[EventDate "2019.??.??"]
[EventCountry "IND"]
[SourceTitle "playchess.com"]
[Source "ChessBase"]
[SourceQuality "1"]
[TimeControl "5400+30"]

1. e4 e5 2. Nf3 Nc6 3. Bb5 Nf6 4. d3 d6 5. c3 g6 6. O-O Bg7 7. Re1 O-O 8. Nbd2 Bd7 9. Ba4 Re8 10. Nf1 h6 11. Ng3 d5 12. h3 Na5 13. d4 exd4 14. e5 dxc3 15. exf6 Bxa4 16. Qxa4 Rxe1+ 17. Nxe1 Qxf6 18. Rb1 Nc4 19. bxc3 Qxc3 20. Qd1 b6 21. Qxd5 Qxe1+ 22. Nf1 Re8 23. Qxc4 Re4 24. Qb3 Qa5 25. Be3 Qa4 26. Rd1 Qxb3 27. Rd8+ Kh7 28. axb3 Bf6 29. Ra8 a5 30. Ra7 Bd8 31. Ra8 Bf6 32. Rc8 Re7 33. Bf4 c5 34. Rc6 Re6 35. Rxe6 fxe6 36. Bc7 c4 37. Bxb6 cxb3 38. Bxa5 Bg5 39. Bc3 Bc1 40. Ng3 b2 41. Bxb2 Bxb2 42. Kf1 Kg7 43. Ne4 Kf7 44. Ke2 e5 45. Nc5 Bd4 46. Ne4 Ke6 47. Kd3 Kd5 48. f3 Bb2 49. Nf6+ Ke6 50. Ng4 h5 51. Ne3 Bc1 52. Nf1 h4 53. Nh2 Kf5 54. Ng4 Kf4 55. Ke2 e4 56. fxe4 Kxe4 57. Nf2+ Kf4 58. Nd3+ Kg3 59. Kf1 Be3 60. Ne5 g5 1/2-1/2

[Event "39th IND-chT 2019"]
[Site "Kolkata"]
[Date "2019.02.09"]
[Round "6.6"]
[White "Swapnil, S. Dhopade"]
[Black "Satyapragyan, Swayangsu"]
[Result "1/2-1/2"]
[ECO "A05"]
[WhiteElo "2488"]
[BlackElo "2381"]
[Annotator "ChessBase"]
[PlyCount "63"]
[EventDate "2019.??.??"]
[EventCountry "IND"]
[SourceTitle "playchess.com"]
[Source "ChessBase"]
[SourceQuality "1"]
[TimeControl "5400+30"]

1. Nf3 Nf6 2. g3 b5 3. Na3 a6 4. c4 e6 5. b3 b4 6. Nc2 Bb7 7. Bg2 Be7 8. a3 a5 9. axb4 axb4 10. Rxa8 Bxa8 11. d4 O-O 12. O-O c5 13. Bb2 Na6 14. e3 Qb6 15. Qe2 d6 16. Ra1 Ne4 17. Nfe1 Bb7 18. Nd3 Nc3 19. Qe1 Bxg2 20. Kxg2 Rb8 21. Nc1 Ne4 22. f3 Nf6 23. e4 cxd4 24. Bxd4 Qb7 25. Ra5 Nd7 26. Rb5 Qc8 27. Rxb8 Qxb8 28. Nd3 e5 29. Be3 Ndc5 30. Bxc5 Nxc5 31. Nc1 Bg5 32. Na2 1/2-1/2

[Event "39th IND-chT 2019"]
[Site "Kolkata"]
[Date "2019.02.09"]
[Round "6.10"]
[White "Subhayan Kundu"]
[Black "Neelotpal, Das"]
[Result "1/2-1/2"]
[ECO "A01"]
[WhiteElo "2354"]
[BlackElo "2409"]
[Annotator "NA"]
[PlyCount "84"]
[EventDate "2019.??.??"]
[EventCountry "IND"]
[SourceTitle "playchess.com"]
[Source "ChessBase"]
[SourceQuality "1"]
[TimeControl "5400+30"]

1. b3 a5 2. c4 e5 3. Bb2 Nc6 4. e3 Nf6 5. Nf3 e4 6. Nd4 Bc5 7. Nf5 O-O 8. Nc3 Re8 9. d4 ({White should try} 9. Nd5 $14 Ne5 10. Ng3) 9... exd3 10. Bxd3 $11 Bf8 (10... a4 $5) 11. O-O g6 12. Ng3 Bg7 13. Bc2 d6 14. Qd2 Nb4 15. Rad1 Nxc2 16. Qxc2 Qe7 17. Rfe1 h5 18. f3 Bd7 19. e4 Bc6 20. Nf1 a4 21. b4 a3 22. Ba1 h4 23. Ne3 b6 24. Qf2 h3 25. g3 Rac8 26. Qf1 Qe6 27. Ne2 Ba4 28. Nf4 Qd7 29. Rd2 b5 30. c5 Qc6 31. Rc1 Rcd8 32. Qxh3 dxc5 33. Rxd8 Rxd8 34. Rxc5 Qb6 35. Ned5 Nxd5 36. Bxg7 Kxg7 37. Nxd5 Qd6 38. Qf1 c6 39. Qa1+ f6 40. Nc3 Qd4+ 41. Kg2 Qxb4 42. Nxa4 Qd2+ {Nc3} 1/2-1/2

[Event "39th IND-chT 2019"]
[Site "Kolkata"]
[Date "2019.02.10"]
[Round "8.4"]
[White "Sengupta, Deep"]
[Black "Himanshu, Sharma"]
[Result "1/2-1/2"]
[ECO "B47"]
[WhiteElo "2555"]
[BlackElo "2441"]
[Annotator "ChessBase"]
[PlyCount "119"]
[EventDate "2019.??.??"]
[EventCountry "IND"]
[SourceTitle "playchess.com"]
[Source "ChessBase"]
[SourceQuality "1"]
[TimeControl "5400+30"]

1. e4 c5 2. Nf3 e6 3. d4 cxd4 4. Nxd4 Nc6 5. Nc3 Qc7 6. g3 a6 7. Bg2 d6 8. O-O Bd7 9. Re1 Nf6 10. Nb3 Be7 11. a4 b6 12. f4 Bc8 13. Qe2 O-O 14. Be3 Bb7 15. g4 Rfe8 16. g5 Nd7 17. Rad1 Bf8 18. Qf2 Rab8 19. Rf1 g6 20. Qh4 Bg7 21. Rf3 Nb4 22. Rh3 Nf8 23. Rd2 Bc8 24. Bf2 Nc6 25. Rhd3 Rd8 26. f5 Ne5 27. f6 Bh8 28. Qg3 Nxd3 29. Qxd3 Bb7 30. Qe3 Ba8 31. Bf1 Qc8 32. Nc1 h6 33. h4 Nh7 34. Qg3 b5 35. axb5 axb5 36. Nxb5 Rxb5 37. Bxb5 Qb7 38. Bd3 Qxb2 39. Nb3 Qb1+ 40. Kh2 hxg5 41. hxg5 Nxf6 42. gxf6 Bxf6 43. Bd4 Bxd4 44. Nxd4 Kg7 45. Qg1 Qb8 46. Kg2 d5 47. Qe3 dxe4 48. Bxe4 Qe5 49. Nxe6+ Qxe6 50. Rxd8 Qxe4+ 51. Qxe4 Bxe4+ 52. Kg3 Bxc2 53. Rd2 Bb3 54. Kf4 Be6 55. Rf2 f6 56. Rg2 Kh6 57. Rh2+ Kg7 58. Rg2 Bf7 59. Rg1 Be6 60. Ke4 1/2-1/2

[Event "39th IND-chT 2019"]
[Site "Kolkata"]
[Date "2019.02.10"]
[Round "8.6"]
[White "Satyapragyan, Swayangsu"]
[Black "Sahoo, Utkal Ranjan"]
[Result "1/2-1/2"]
[ECO "C47"]
[WhiteElo "2381"]
[BlackElo "2356"]
[Annotator "NA"]
[PlyCount "72"]
[EventDate "2019.??.??"]
[EventCountry "IND"]
[SourceTitle "playchess.com"]
[Source "ChessBase"]
[SourceQuality "1"]
[TimeControl "5400+30"]

1. e4 e5 2. Nf3 Nc6 3. Nc3 Nf6 4. d4 exd4 5. Nxd4 Bb4 6. Nxc6 bxc6 7. Bd3 d5 8. exd5 cxd5 9. O-O O-O 10. h3 c6 11. Qf3 Bd6 12. Bf4 Rb8 13. b3 Qc7 14. Bxd6 Qxd6 15. Rfe1 Bd7 16. Qg3 Qxg3 17. fxg3 c5 18. Re7 Rfd8 19. g4 h6 20. Rf1 Rb6 21. Re2 Re6 22. Ref2 Re5 23. Ne2 Rde8 24. Ng3 Re1 25. Rxe1 Rxe1+ 26. Rf1 Rxf1+ 27. Kxf1 g6 28. c3 Kf8 29. a3 Ke7 30. Ke2 Kd6 31. Nf1 Bc6 32. Kf2 Nd7 33. Nd2 Ne5 34. Bf1 a5 35. Ke3 Bd7 36. Be2 Bc6 {Ke4} 1/2-1/2